 Dungeon Crawl Stone Soup version 0.25.0-10-g039870ee82 (webtiles) character file.

Game seed: 6114948594960927289

1207 Acheron the Skirmisher (level 8, -11/71 HPs)
             Began as a Minotaur Berserker on June 22, 2020.
             Was a Priest of Trog.
             Mangled by Erica
             ... wielding a +1 scimitar of flaming
              (13 damage)
             ... on level 9 of the Dungeon.
             The game lasted 00:22:23 (4370 turns).

Acheron the Skirmisher (Minotaur Berserker)         Turns: 4370, Time: 00:22:23

Health: -11/71     AC: 19    Str: 28    XL:     8   Next: 21%
Magic:  7/7        EV:  9    Int:  5    God:    Trog [***...]
Gold:   166        SH:  0    Dex: 11    Spells: 7/7 levels left

rFire    + . .     SeeInvis .   m - +5 rapier "Beusewk" {protect, rF+}
rCold    . . .     Gourm    .   (no shield)
rNeg     . . .     Faith    .   q - +0 plate armour
rPois    .         Spirit   .   (helmet restricted)
rElec    .         Reflect  .   (no cloak)
rCorr    .         Harm     .   (no gloves)
MR       .....                  (no boots)
Stlth    ..........             (no amulet)
HPRegen  0.21/turn              u - +6 ring of strength
MPRegen  0.10/turn              (no ring)

@: protection aura, berserk cooldown, slowed, very slow
A: retaliatory headbutt, horns 2
a: Berserk, Trog's Hand, Renounce Religion


You were on level 9 of the Dungeon.
You worshipped Trog.
Trog was most pleased with you.
You were very hungry.

You visited 2 branches of the dungeon, and saw 10 of its levels.

You collected 166 gold pieces.

Inventory:

Hand Weapons
 a - a +0 hand axe
 m - the +5 rapier "Beusewk" (weapon) {protect, rF+}
   (You found it on level 6 of the Dungeon)

   It grants its wielder temporary protection when it strikes (+7 to AC).
   It protects you from fire.
 n - a +0 short sword of holy wrath
 p - a +0 hunting sling
 r - a +0 trident
Missiles
 g - 130 stones (quivered)
 i - 39 sling bullets
Armour
 b - a +0 leather armour
 q - a +0 plate armour (worn)
 y - a +0 scale mail
Jewellery
 e - an uncursed ring of fire
 u - a +6 ring of strength (left hand)
 x - an uncursed ring of protection from magic {unknown}
Wands
 j - a wand of acid (6)
Scrolls
 d - 2 scrolls of magic mapping
 f - a scroll of torment {unknown}
 h - 2 scrolls of identify
 l - a scroll of blinking {unknown}
 o - 2 scrolls of remove curse
 s - a scroll of teleportation {unknown}
 w - a scroll of enchant weapon {unknown}
Potions
 k - 4 potions of curing
 t - 2 potions of resistance {unknown}
 v - a potion of mutation {unknown}
Comestibles
 c - 6 rations


   Skills:
 * Level 6.5 Fighting
 * Level 2.6 Short Blades
 + Level 6.3 Axes
 * Level 5.8 Armour
 * Level 4.6 Dodging
 * Level 2.9 Stealth
 * Level 1.1 Evocations


You had 7 spell levels left.
You didn't know any spells.
Your spell library was empty.

Dungeon Overview and Level Annotations

Branches:
Dungeon (9/15)             Temple (1/1) D:4
   Lair: D:8-11         Orc: D:9-12

Altars:
Ashenzari
Dithmenos
Fedhas
Gozag
Hepliaklqana
Kikubaaqudgha
Makhleb
Nemelex Xobeh
Okawaru
Qazlal
Sif Muna
Uskayaw
Vehumet
Wu Jian
Xom
Yredelemnul
Zin
The Shining One

Shops:
D:4 *   D:6 %

Annotations:
D:4 2 transporters
D:8 Gastronok
D:9 Erica


Innate Abilities, Weirdness & Mutations

You reflexively headbutt those who attack you in melee.
You have a pair of horns on your head.


Message History

Your weapon exudes an aura of protection.
Your headbutt misses Erica.
Erica is severely wounded.
The orc wizard hits you but does no damage.
The orc wizard barely misses you. The orc barely misses you.
You furiously retaliate!
You headbutt the orc.
The crimson imp hits you but does no damage.
Erica hits you but does no damage.
A hound zombie comes into view.
The orc wizard casts a spell at you. The magic dart hits you!
* * * LOW HITPOINT WARNING * * *
The orc barely misses you.
You barely miss Erica.
Erica is severely wounded.
The orc wizard hits you but does no damage.
The crimson imp hits you.
* * * LOW HITPOINT WARNING * * *
Erica hits you with a +1 scimitar of flaming!
You die...

#..ยง...........
#.#######...#..
#.# ...# .
#.#######.....
#.............
#.........#
#.........#
#.........#
#....@o...#
#...5@o...#
#....o...>+
#.........#
#.........#
#...#####.# #..Z
.# #... # #...


You could see Erica (strong), an orc wizard (fast), a crimson imp, 2 orcs and a
hound zombie.

Vanquished Creatures
  Menkaure (D:4)
  A phantom (D:6)
  An ice beast (D:6)
  2 centaurs
  2 bullfrogs (D:6)
  A water moccasin zombie (D:4)
  A wight (D:6)
  A howler monkey (D:5)
  A bullfrog zombie (D:5)
  A crimson imp (D:3)
  2 quasits
  2 centaur skeletons
  4 worker ants
  A hound skeleton (D:4)
  10 adders
  A gnoll (D:4)
  An ooze (D:5)
  3 worms
  2 dart slugs (D:2)
  2 leopard geckos (D:2)
  8 orcs
  6 giant cockroaches
  2 hobgoblins (D:2)
  7 jackals
  2 quokkas
  3 bats
  6 frilled lizards
  9 goblins
  A jackal zombie (D:5)
  7 kobolds
  A rat (D:3)
92 creatures vanquished.

Notes
Turn   | Place    | Note
-------+----------+-------------------------------------------
     0 | D:1      | Acheron the Minotaur Berserker began the quest for the Orb.
     0 | D:1      | Reached XP level 1. HP: 19/19 MP: 0/0
    88 | D:2      | Reached XP level 2. HP: 24/27 MP: 1/1
   194 | D:3      | Reached XP level 3. HP: 27/33 MP: 2/2
   592 | D:3      | Reached ** piety under Trog
   688 | D:3      | Found a burning altar of Makhleb.
   688 | D:3      | Found a radiant altar of Vehumet.
   699 | D:3      | Reached XP level 4. HP: 29/41 MP: 3/3
   818 | D:2      | Reached skill level 1 in Stealth
  1703 | D:3      | Reached skill level 5 in Axes
  1990 | D:4      | Found a staircase to the Ecumenical Temple.
  1995 | D:4      | Reached XP level 5. HP: 12/47 MP: 4/4
  2161 | Temple   | Entered the Ecumenical Temple
  2565 | D:4      | Found a transporter.
  2567 | D:4      | Noticed a fire bat
  2567 | D:4      | Noticed a fire bat
  2568 | D:4      | Noticed a fire bat
  2573 | D:4      | Found Ovoloen's Assorted Antiques.
  2713 | D:4      | Found a shattered altar of Ashenzari.
  2746 | D:4      | Noticed Menkaure
  2752 | D:4      | Killed Menkaure
  2752 | D:4      | Reached skill level 5 in Fighting
  2752 | D:4      | Reached XP level 6. HP: 56/56 MP: 5/5
  2974 | D:4      | Found a transporter.
  2988 | D:5      | Entered Level 5 of the Dungeon
  3137 | D:6      | Reached *** piety under Trog
  3162 | D:6      | Reached XP level 7. HP: 44/62 MP: 6/6
  3403 | D:6      | Got a polished rapier
  3455 | D:6      | Identified the +5 rapier "Beusewk" {protect, rF+} (You
                  | found it on level 6 of the Dungeon)
  3589 | D:6      | Found Johid's Food Shoppe.
  3597 | D:5      | Found an iron altar of Okawaru.
  3611 | D:6      | Reached skill level 5 in Armour
  3723 | D:5      | Found a glowing silver altar of Zin.
  3723 | D:5      | Noticed an angel
  3756 | D:5      | Found a shimmering blue altar of Sif Muna.
  3756 | D:5      | Found a sparkling altar of Nemelex Xobeh.
  3764 | D:5      | Found a hazy altar of Hepliaklqana.
  3778 | D:5      | Reached skill level 1 in Short Blades
  3843 | D:5      | Found a hide-covered altar of Uskayaw.
  3907 | D:5      | Reached skill level 1 in Evocations
  3907 | D:5      | Reached XP level 8. HP: 68/71 MP: 7/7
  4298 | D:8      | Noticed Gastronok
  4353 | D:9      | Noticed Erica
  4370 | D:9      | HP: 2/71 [crimson imp (2)]
  4370 | D:9      | Mangled by Erica

Illustrated notes

Levels and vault maps discovered:
D:1:      nzn_arrival_water_spiral, layout_loops_ring, hangedman_decor_points
D:2:      layout_loops_ring, kennysheep_slug_shrine, uniq_crazy_yiuf_cottage
D:3:      layout_loops_ring, grunt_temple_overflow_lords_of_destruction
D:4:      gammafunk_cloud_chamber, layout_loops_ring, lemuel_crystal_altar,
          minmay_temple_entry_grid, serial_shops, shop, first_ration,
          kennysheep_windowed_goal, uniq_menkaure
D:5:      layout_rooms, zin_angel, grunt_temple_overflow_open,
          chequers_temple_overflow_statue_of_worship
D:6:      layout_cave_pods, bloody_trog, serial_shops, kennysheep_little_box
D:7:      minmay_the_grid_triangle_9x9_recursive_2
          [minmay_the_grid_triangle_9x9_prize_top_heavy,
          minmay_the_grid_triangle_9x9_zippers_horizontal,
          minmay_the_grid_triangle_9x9_dagger,
          minmay_the_grid_triangle_9x9_corruption], layout_loops_corners,
          kennysheep_generic_room_10
D:8:      layout_rooms, uniq_gastronok, uniq_harold
D:9:      layout_stronghold, nicolae_ru_awakened_eye, uniq_erica
Temple:   dpeg_three_leaves_temple

Skill      XL: |  1  2  3  4  5  6  7  8 |
---------------+-------------------------+-----
Fighting       | 4 5 6 |  6.5
Axes           | 4 5 6 |  6.3
Dodging        | 3 4 |  4.6
Stealth        | 1 2 |  2.9
Armour         | 3 4 5 |  5.8
Short Blades   | 1 2 |  2.6
Evocations     | 1 |  1.1

Action                   |  1- 3 |  4- 6 |  7- 9 || total
-------------------------+-------+-------+-------++-------
Melee: Hand axe          |    51 |   120 |    17 ||   188
       Headbutt          |     9 |    17 |    11 ||    37
       Short sword       |       |     7 |       ||     7
       Rapier            |       |       |    70 ||    70
Invok: Berserk           |       |     1 |     1 ||     2
  Use: Scroll            |       |     6 |     1 ||     7
 Stab: Sleeping          |     1 |       |       ||     1
  Eat: Ration            |       |     1 |       ||     1
       Chunk             |       |     4 |     4 ||     8
Armor: Animal skin       |    12 |     3 |       ||    15
       Leather armour    |       |     6 |       ||     6
       Plate armour      |       |    33 |    74 ||   107
Dodge: Dodged            |    34 |    64 |    61 ||   159
